 Dungeon Crawl Stone Soup version 0.13-a0-3110-gf6e36dc (webtiles) character file.

538 PolkaDot the Ruinous (level 6, 0/39 HPs)
             Began as a Vampire Wizard on Sept 20, 2013.
             Succumbed to a kobold's poison
             ... on Level 4 of the Dungeon.
             The game lasted 00:13:26 (3189 turns).

PolkaDot the Ruinous (Vampire Wizard)               Turns: 3189, Time: 00:13:26

HP   0/39        AC  2     Str  6      XL: 6   Next: 28%
MP   7/16        EV 12     Int 27      God:
Gold 202         SH  0     Dex 12      Spells:  3 memorised,  4 levels left

Res.Fire  : . . .   See Invis. : +   k - +2 short sword (flame)
Res.Cold  : . . .   Warding    : .   a - +0 robe (curse)
Life Prot.: . . .   Conserve   : .   (no shield)
Res.Poison: .       Res.Corr.  : .   b - +0 wizard hat
Res.Elec. : .       Clarity    : .   (no cloak)
Sust.Abil.: . .     Spirit.Shd : .   (no gloves)
Res.Mut.  : .       Stasis     : .   (no boots)
Res.Rott. : .       Flight     : .   (no amulet)
Saprovore : . . .                    (no ring)
                                     s - cursed +5 ring of intelligence

@: regenerating quickly, mildly poisoned, very slightly contaminated, slightly
resistant to hostile enchantments, stealthy
A: bottle blood, fangs 3, see invisible, unbreathing
a: Bottle Blood


You were on level 4 of the Dungeon.
You were full.

You visited 1 branch of the dungeon, and saw 4 of its levels.

You collected 182 gold pieces.

Inventory:

Hand weapons
 k - a +2,+2 short sword of flaming (weapon)
 p - a +2,+0 elven long sword
Armour
 a - a cursed +0 robe (worn)
 b - a +0 wizard hat (worn)
Scrolls
 g - 4 scrolls of remove curse {unknown}
 l - 4 scrolls of recharging {unknown}
 m - a scroll of random uselessness {unknown}
 n - a scroll of enchant armour {unknown}
 o - a scroll of magic mapping {unknown}
 q - a scroll of curse weapon {unknown}
 u - a scroll of curse jewellery {unknown}
 w - a scroll of fog {unknown}
Jewellery
 s - a cursed +5 ring of intelligence (left hand)
Books
 c - a book of Minor Magic

   Spells                             Type                      Level
   *Magic Dart                        Conjuration                  1
   Blink                              Translocation                2
   Call Imp                           Summoning                    2
   Repel Missiles                     Charms/Air                   2
   Slow                               Hexes                        2
   *Conjure Flame                     Conjuration/Fire             3
   *Mephitic Cloud                    Conjuration/Poison/Air       3


   Skills:
 - Level 2.1 Dodging
 - Level 3.0 Stealth
 * Level 3.3 Spellcasting
 + Level 4.4 Conjurations
   Level 1.0 Summonings
   Level 0.7 Translocations
 + Level 0.8 Fire Magic
 + Level 0.8 Air Magic


You had 4 spell levels left.
You knew the following spells:

 Your Spells              Type           Power        Failure   Level  Hunger
a - Magic Dart            Conj           ####         1%          1    None
d - Mephitic Cloud        Conj/Pois/Air  ##......     14%         3    ###....
s - Conjure Flame         Conj/Fire      ###.....     10%         3    ###....


Dungeon Overview and Level Annotations

Branches:
Dungeon (4/27)
 Temple: D:4-7

Altars:
Cheibriados
Kikubaaqudgha
Makhleb
Okawaru
Xom
the Shining One


Innate Abilities, Weirdness & Mutations

Your natural rate of healing is unusually fast.
You can bottle blood from corpses.
You have razor-sharp teeth.*
You have supernaturally acute eyesight.
You can survive without breathing.*


Message History

* * * LOW HITPOINT WARNING * * *
You feel sick.
* * * LOW HITPOINT WARNING * * *
You feel sick.
You feel a little better.
You start resting.
* * * LOW HITPOINT WARNING * * *
You feel sick.
You start resting.
* * * LOW HITPOINT WARNING * * *
You feel sick.
You feel a little better.
You start resting.
* * * LOW HITPOINT WARNING * * *
You feel sick.
You feel a little better.
* * * LOW HITPOINT WARNING * * *
You feel sick.
You now have 202 gold pieces (gained 9).
You die...

#######################
.......$..............#
......................#
..........[...........#
................@.....#
......................#
>.....................#
......................#
#######################


There were no monsters in sight!

Vanquished Creatures
  A giant frog (D:3)
  An orc priest (D:3)
  A hound (D:4)
  A scorpion (D:4)
  An orc wizard (D:3)
  A mummy (D:3)
  2 gnolls (D:3)
  5 adders
  A giant mite (D:2)
  A worm (D:3)
  3 giant geckos
  An ooze (D:3)
  4 orcs (D:3)
  5 bats
  9 goblins
  11 hobgoblins
  2 jackals (D:3)
  A quokka (D:2)
  3 giant cockroaches
  2 giant newts
  12 kobolds
  5 rats
73 creatures vanquished.

Notes
Turn   | Place    | Note
--------------------------------------------------------------
     0 | D:1      | PolkaDot, the Vampire Wizard, began the quest for the Orb.
     0 | D:1      | Reached XP level 1. HP: 11/11 MP: 6/6
   117 | D:1      | Reached skill level 1 in Conjurations
   404 | D:1      | Reached XP level 2. HP: 17/17 MP: 1/8
  1016 | D:2      | Reached XP level 3. HP: 22/22 MP: 6/10
  1367 | D:2      | Found a burning altar of Makhleb.
  1367 | D:2      | Found a shimmering altar of Xom.
  1607 | D:3      | Found a glowing golden altar of the Shining One.
  1607 | D:3      | Found an ancient bone altar of Kikubaaqudgha.
  1812 | D:3      | Reached XP level 4. HP: 28/28 MP: 7/12
  1830 | D:3      | Found an iron altar of Okawaru.
  2041 | D:3      | Found an iron altar of Okawaru.
  2263 | D:3      | Noticed a giant frog
  2286 | D:3      | Killed a giant frog
  2286 | D:3      | Reached XP level 5. HP: 5/33 MP: 5/13
  2288 | D:3      | Reached skill level 4 in Conjurations
  2441 | D:3      | Learned a level 3 spell: Conjure Flame
  2445 | D:3      | Learned a level 3 spell: Mephitic Cloud
  2672 | D:4      | Noticed a manticore
  2674 | D:4      | Reached XP level 6. HP: 34/39 MP: 9/15
  2718 | D:4      | Noticed an ogre
  2725 | D:4      | Paralysed by a giant eyeball for 4 turns
  2994 | D:4      | Noticed an ogre
  3150 | D:4      | Found a snail-covered altar of Cheibriados.
  3185 | D:4      | HP: 1/39 [poisoned by a kobold]
  3189 | D:4      | Succumbed to a kobold's poison

Action                   |  1- 3 |  4- 6 || total
-------------------------+-------+-------++-------
Melee: Unarmed           |     6 |       ||     6
       Short sword       |     9 |    18 ||    27
 Cast: Magic Dart        |   110 |    80 ||   190
       Mephitic Cloud    |       |     2 ||     2
       Conjure Flame     |       |     1 ||     1
  Use: Potion            |       |     9 ||     9
       Scroll            |       |     3 ||     3
